 Dungeon Crawl Stone Soup version 0.29-a0-519-g90894fa (webtiles) character file.

Game seed: 11970465993544240170

1582 Toastz the Slicer (level 8, -6/46 HPs)
             Began as a Vampire Enchanter on May 30, 2022.
             Mangled by a scorpion (7 damage)
             ... on level 5 of the Dungeon.
             The game lasted 00:14:39 (5950 turns).

Toastz the Slicer (Vampire Enchanter)               Turns: 5950, Time: 00:14:40

Health: -6/46      AC:  5    Str:  7    XL:     8   Next: 60%
Magic:  0/12       EV: 12    Int: 18    God:
Gold:   288        SH:  0    Dex: 16    Spells: 2/13 levels left

rFire   . . .      SeeInvis +   b - +2 short sword (venom)
rCold   + + +      Faith    .   (no shield)
rNeg    + + +      Spirit   .   p - +1 leather armour {rPois}
rPois   ∞          Reflect  .   i - +0 helmet
rElec   .          Harm     .   (no cloak)
rCorr   .          Rampage  .   (no gloves)
Will    .....                   (no boots)
Stlth   +++++.....              (no amulet)
HPRegen 0.00/turn               q - ring of protection from cold
MPRegen 0.13/turn               (no ring)

@: bloodless, inhibited regen, invisible
A: bloodless, fangs 3, see invisible, vampiric 2
a: Bat Form, Revivify


You were on level 5 of the Dungeon.
You visited 1 branch of the dungeon, and saw 6 of its levels.
You also visited: Sewer.

You collected 288 gold pieces.

Inventory:

Hand Weapons
 a - a +1 dagger of speed
 b - a +2 short sword of venom (weapon)
 B - a +0 rapier
Missiles
 h - 228 stones (quivered)
 j - 12 boomerangs
 A - 6 poisoned darts
Armour
 i - a +0 helmet (worn)
 p - a +1 leather armour of poison resistance (worn)
 y - a +0 robe
Jewellery
 q - a ring of protection from cold (left hand)
 D - an amulet of guardian spirit
Wands
 o - a wand of digging (11)
 t - a wand of charming (1)
Scrolls
 g - a scroll of enchant armour {unknown}
 k - a scroll of blinking
 l - a scroll of noise {unknown}
 m - a scroll of brand weapon {unknown}
 n - a scroll of magic mapping {unknown}
 r - a scroll of immolation {unknown}
 s - 2 scrolls of torment
 v - 2 scrolls of identify {unknown}
 w - a scroll of teleportation
 x - a scroll of fog
Potions
 c - a potion of invisibility
 d - a potion of haste
 e - a potion of degeneration {unknown}
 f - 2 potions of flight {unknown}
 u - 3 potions of heal wounds {unknown}
 z - a potion of ambrosia {unknown}
 C - a potion of curing {unknown}
 E - 2 potions of berserk rage


   Skills:
 - Level 3.0 Fighting
 + Level 8.4 Short Blades
 - Level 3.0 Armour
 - Level 2.1 Dodging
 - Level 4.4 Stealth
 - Level 3.0 Spellcasting
 + Level 1.8 Conjurations
 - Level 7.0 Hexes
 - Level 1.1 Ice Magic


You had 2 spell levels left.
You knew the following spells:

 Your Spells              Type           Power      Damage    Failure   Level
a - Ensorcelled Hibernat  Hex/Ice        34%        N/A       7%          2
b - Confusing Touch       Hex            27%        N/A       4%          3
c - Tukima's Dance        Hex            27%        N/A       4%          3
d - Dazzling Flash        Conj/Hex       36%        N/A       12%         3

Your spell library contained the following spells:

 Spells                   Type           Power      Damage    Failure   Level
 Summon Guardian Golem    Hex/Summ       15%        N/A       17%         3
 Ozocubu's Armour         Ice            6%         N/A       41%         3
 Orb of Destruction       Conj           4%         9d5       100%        7
 Ozocubu's Refrigeration  Ice            3%         4d5       100%        7
 Spellforged Servitor     Conj/Summ      3%         N/A       100%        7


Dungeon Overview and Level Annotations

Branches:
Dungeon (6/15)              Sewer (visited)
 Temple: D:4-7

Altars:
Ashenzari
Hepliaklqana
Qazlal
Vehumet

Shops:
D:2 (


Innate Abilities, Weirdness & Mutations

You do not regenerate when monsters are visible.
You are frail without blood (-20% HP).
You can heal yourself when you bite living creatures.
You are immune to poison.
You have razor-sharp teeth.
You have supernaturally acute eyesight. (SInv)
You are afflicted with vampirism and can become a bat while bloodless.


Message History

You climb upwards.
There is a stone staircase leading down here.
Casting: Ensorcelled Hibernation (safe; 7% risk of failure)
Confirm with . or Enter, or press ? or * to list all spells.
Aiming: Ensorcelled Hibernation (safe; 7% risk of failure)
Press: ? - help, Shift-Dir - straight line, f - scorpion
Aim: a scorpion (chance to affect: 50%)
The scorpion resists with some effort.
The scorpion stings you.
Casting: Ensorcelled Hibernation (safe; 7% risk of failure)
Confirm with . or Enter, or press ? or * to list all spells.
Aiming: Ensorcelled Hibernation (safe; 7% risk of failure)
Press: ? - help, Shift-Dir - straight line, f/p - scorpion
Aim: a scorpion (chance to affect: 50%)
The scorpion resists with some effort.
The scorpion stings you.
You closely miss the scorpion.
You bite the scorpion, but do no damage.
The scorpion stings you.
* * * LOW HITPOINT WARNING * * *
The scorpion attacks as you move away! The scorpion barely misses you.
The scorpion attacks as you move away! The scorpion misses you.
The scorpion stings you.
* * * LOW HITPOINT WARNING * * *
Casting: Ensorcelled Hibernation (safe; 7% risk of failure)
Confirm with . or Enter, or press ? or * to list all spells.
Aiming: Ensorcelled Hibernation (safe; 7% risk of failure)
Press: ? - help, Shift-Dir - straight line, f/p - scorpion
Aim: a scorpion (chance to affect: 50%)
The scorpion resists with some effort.
The scorpion stings you.
* * * LOW HITPOINT WARNING * * *
You hit the scorpion.
The scorpion is moderately wounded.
The scorpion stings you.
* * * LOW HITPOINT WARNING * * *
You hit the scorpion.
The scorpion is poisoned.
The scorpion is moderately wounded.
The scorpion stings you.
* * * LOW HITPOINT WARNING * * *
You fade into invisibility!
You are no longer corroded.
The scorpion stings you!
You die...

.......# ##......#........
###.##.##### #...#.#####..####
#.##.....# #...#.# ###.###..
#.##.....# ####..##.###...# #..
#.##.....###.....##..##.#####..
#.##.....##......###.##........
#.##..........#.####[#...######
#.##....(....##[##..[)..## #.
###.##..........@s...#..#.## #.
....#.........#.##.#.......# ##.
##.................#..>....####..
##..#....#..#####.........#.....
#..#..##...# ###.......#.....
#........### #.......#..... #
#......#.# #.............
###.#....#.# #.......#)....
...........# #.......#.....


You could see a scorpion (can't see you, very poisoned).

Vanquished Creatures
  Grinder (D:3)
  Sigmund (D:3)
  A water moccasin (Sewer)
  Pargi (D:3)
  A centaur (D:5)
  A phantom (D:5)
  A necrophage (D:5)
  4 scorpions
  3 hounds
  A jelly (D:6)
  An orc priest (D:5)
  Ijyb (D:3)
  An iguana (D:3)
  4 orc wizards
  4 gnolls (D:5)
  8 adders
  2 ufetubi
  2 worms
  A dart slug (D:2)
  19 orcs
  10 bats
  9 endoplasms
  5 giant cockroaches
  4 hobgoblins
  3 jackals (D:3)
  7 quokkas
  11 ball pythons
  3 frilled lizards
  7 goblins
  5 kobolds
  6 rats
128 creatures vanquished.

Notes
Turn   | Place    | Note
-------+----------+-------------------------------------------
     0 | D:1      | Toastz the Vampire Enchanter began the quest for the Orb.
     0 | D:1      | Reached XP level 1. HP: 13/13 MP: 3/3
   517 | D:1      | Reached skill level 1 in Fighting
   517 | D:1      | Reached XP level 2. HP: 21/21 MP: 5/5
   520 | D:1      | Learned a level 2 spell: Ensorcelled Hibernation
   631 | D:1      | Found a faded altar of an unknown god.
  1073 | D:2      | Reached skill level 2 in Short Blades
  1588 | D:2      | Reached skill level 1 in Ice Magic
  1588 | D:2      | Gained mutation: You are afflicted with vampirism and can
                  | become a bat while bloodless. [Vampire growth]
  1588 | D:2      | Reached XP level 3. HP: 26/26 MP: 6/6
  1691 | D:2      | Found Ynug Buso's Antique Weapon Shoppe.
  1969 | D:3      | Learned a level 3 spell: Confusing Touch
  2026 | D:3      | Reached XP level 4. HP: 33/33 MP: 0/7
  2237 | D:3      | Noticed Ijyb
  2265 | D:3      | Killed Ijyb
  2266 | D:3      | Reached skill level 3 in Short Blades
  2266 | D:3      | Reached skill level 5 in Hexes
  2447 | D:3      | Reached XP level 5. HP: 39/39 MP: 3/8
  2518 | D:3      | Noticed Sigmund
  2693 | D:3      | Noticed Grinder
  2694 | D:3      | Paralysed by Grinder for 4 turns
  2701 | D:3      | Paralysed by Grinder for 4 turns
  2712 | D:3      | Killed Grinder
  2713 | D:3      | Reached skill level 4 in Short Blades
  2713 | D:3      | Reached XP level 6. HP: 32/37 MP: 3/9
  2717 | D:3      | Learned a level 3 spell: Tukima's Dance
  2936 | D:3      | Noticed Pargi
  2944 | D:3      | Killed Pargi
  2945 | D:3      | Reached skill level 5 in Short Blades
  3489 | D:3      | Killed Sigmund
  3490 | D:3      | Reached skill level 6 in Short Blades
  3490 | D:3      | Reached XP level 7. HP: 41/41 MP: 7/10
  3851 | D:4      | Reached skill level 7 in Short Blades
  4084 | D:4      | Found a stormy altar of Qazlal.
  4297 | D:4      | Found a broken altar of Ashenzari.
  4453 | D:5      | Entered Level 5 of the Dungeon
  4695 | D:5      | Reached skill level 1 in Armour
  4740 | D:5      | Reached XP level 8. HP: 46/46 MP: 10/12
  4744 | D:5      | Learned a level 3 spell: Dazzling Flash
  5315 | D:5      | Reached skill level 8 in Short Blades
  5429 | D:6      | Found a hazy altar of Hepliaklqana.
  5444 | D:6      | Reached skill level 1 in Conjurations
  5697 | D:6      | Found a glowing drain.
  5795 | Sewer    | Entered a sewer
  5889 | D:6      | Noticed a two-headed ogre
  5918 | D:6      | Found a radiant altar of Vehumet.
  5949 | D:5      | HP: 1/46 [scorpion (4)]
  5950 | D:5      | Mangled by a scorpion

Illustrated notes

Levels and vault maps discovered:
D:1:      co_arrival_random_square_maze, layout_loops_corners,
          dreamdust_ecumenical_altar_angels_and_demons
D:2:      layout_basic, serial_shops, shop, hangedman_decor_points,
          minmay_circled_x
D:3:      layout_basic, uniq_sigmund, uniq_ijyb, uniq_pargi, uniq_grinder
D:4:      layout_cave_pools, lemuel_tele_altar, nicolae_qazlal_general_emergency
D:5:      layout_rooms, palyth_stone_intersect
D:6:      layout_rooms, mainiacjoe_overflow_alcove_4,
          mainiacjoe_overflow_concentric_impassable, portal_sewer_entry_f

Skill      XL: |  1  2  3  4  5  6  7  8 |
---------------+-------------------------+-----
Fighting       | 1 2 3 |  3.0
Short Blades   | 2 3 4 6 7 8 |  8.4
Ice Magic      | 1 |  1.1
Hexes          | 5 6 7 |  7.0
Armour         | 1 3 |  3.0
Spellcasting   | 3 |  3.0
Conjurations   | 1 |  1.8
Dodging        | |  2.1
Stealth        | |  4.4

Action                   |  1- 3 |  4- 6 |  7- 9 || total
-------------------------+-------+-------+-------++-------
Melee: Dagger            |   105 |    66 |    50 ||   221
       Bite              |     7 |     2 |    17 ||    26
       Punch             |       |     1 |     2 ||     3
       Short sword       |       |       |   133 ||   133
Throw: Stone             |     1 |       |       ||     1
 Cast: Ensorcelled Hiber |    15 |    19 |    31 ||    65
       Confusing Touch   |       |     2 |     1 ||     3
       Tukima's Dance    |       |       |     3 ||     3
       Dazzling Flash    |       |       |     3 ||     3
 Abil: Exsanguinate      |       |     1 |       ||     1
Evoke: Wand              |       |     1 |       ||     1
  Use: Scroll            |       |     1 |     5 ||     6
       Potion            |       |       |     1 ||     1
 Stab: Sleeping          |    19 |    11 |    24 ||    54
       Confused          |       |     3 |     1 ||     4
       Invisible         |       |       |     4 ||     4
Armor: Robe              |    19 |    16 |    11 ||    46
       Leather armour    |       |       |    55 ||    55
Dodge: Dodged            |    60 |    41 |   138 ||   239

Table legend: (Time is in decaauts)
 A = Elapsed time spent in this place.
 B = Non-inter-level travel time spent in this place.
 C = Inter-level travel time spent in this place.
 D = Time resting spent in this place.
 E = Time spent auto-exploring this place.
 F = Levels seen in this place.
 G = Mean time per level.
                   A        B        C        D        E       F      G
               +--------+--------+--------+--------+--------+-----+--------+
         Total |   5881 |   5663 |    218 |   1236 |   3247 |   7 |  840.1 |
       Dungeon |   5797 |   5579 |    218 |   1236 |   3209 |   6 |  966.2 |
         Sewer |     83 |     83 |      0 |      0 |     38 |   1 |   83.0 |
               +--------+--------+--------+--------+--------+-----+--------+

Top non-repeatable levels by time:
     D:3: 1583 daAuts
     D:1: 1013 daAuts
     D:2: 971 daAuts
     D:5: 940 daAuts
     D:4: 875 daAuts
     D:6: 412 daAuts
   Sewer: 83 daAuts
